Description

This is a safe Pool First Opener that hits the Opponent with a Strong +1 Missile Roach Timing

VOD

https://youtu.be/CTgll2-zivU

Replay - A.I. 1 (Very Easy) v Railgan - Rainfall LE

Build Order

Get SALT Encoding   

  8  0:02  Drone  
  9  0:11  Drone  
  10  0:17  Drone  
  11  0:28  Overlord  
  11  0:33  Drone  
  12  0:47  Drone x2  
  14  0:52  Drone  
  15  1:02  Drone  
  16  1:10  Spawning Pool  
  15  1:11  Drone  
  16  1:21  Drone  
  17  1:37  Hatchery  
  16  1:41  Overlord  
  16  1:57  Queen  
  18  1:59  Zergling x6  
  23  2:33  Queen  
  26  2:40  Extractor  
  26  2:50  Queen  
  29  2:52  Overlord  
  40  3:38  Roach Warren, Overlord  
  39  3:43  Lair  
  40  3:52  Evolution Chamber  
  40  3:56  Extractor x2  
  40  3:57  Overlord  
  49  4:29  Zerg Missile Weapons Level 1  
  50  4:39  Glial Reconstitution  
  50  4:53  Roach x3  
  50  4:57  Hatchery  
  50  4:59  Roach x3  
  63  5:15  Roach x3  
  69  5:22  Roach  
  95  6:09  Overseer  
  123  7:01  Evolution Chamber  
Spawning Tool Build Advisor. Get it on Overwolf

Analysis

  • Pool First Opener
  • 6 early Zerglings for Defense
  • Gas with additionally built drones
  • 3 Queens Total
  • @100 Gas Lair
  • When Lair is started Evo + Roach Warren + 2 Gases -> 41 Workers
  • @Lair Roach Speed (maybe Overseer) + 3rd Base
  • Spam Roaches

Go to:

Details

  • Created by: railgan      
  • Published on: Jul 07, 2026
  • Modified on: Jul 08, 2026
  • Patch: 5.0.16
  • Difficulty: Easy
Show
View Real Time Build Order
Export as new Build Order

Comments (0)

There are no comments. Be the first!

Create an account to comment!